Map: Cyber Forest LE

Players

Denver - Winner!

  • Race: Zerg Zerg
  • League: Master
  • Spawn Location: 11:00

HellraiseR

  • Race: Protoss Protoss
  • League: Master
  • Spawn Location: 5:00

Event: 2019 WCS Winter Europe

VOD

Have the link to the VOD?

Description

Time

  • Played on: Feb. 3, 2019, 12:01 p.m.
  • Length: 5:12

All games in this series

Show
View Real Time Build Order
Export as new Build Order

Denver Zerg - Winner!

Build Orders: Pool First 

Get SALT Encoding   

  12  0:01  Drone  
  13  0:12  Overlord  
  13  0:17  Drone  
  14  0:31  Drone x2  
  16  0:41  Spawning Pool  
  15  0:44  Drone  
  15  0:49  Drone  
  17  1:11  Hatchery  
  16  1:12  Drone  
  17  1:22  Extractor  
  16  1:28  Zergling x4  
  16  1:31  Queen  
  20  1:35  Drone  
  21  1:41  Overlord  
  21  1:52  Drone  
  22  2:01  Drone  
  22  2:06  Queen  
  25  2:14  Drone  
  26  2:24  Metabolic Boost  
  26  2:26  Drone x2  
  28  2:33  Drone  
  28  2:36  Drone  
  29  2:41  Drone x3  
  31  2:46  Baneling Nest  
  31  2:49  Zergling x4  
  32  2:55  Zergling x2  
  33  3:05  Zergling x2  
  34  3:08  Hatchery  
  34  3:11  Zergling x2  
  34  3:13  Zergling x2  
  34  3:18  Overlord  
  35  3:22  Overlord  
  34  3:36  Zergling x2  
  34  3:37  Zergling x10  
  40  3:46  Zergling x8  
  44  3:49  Baneling x4  
  44  3:51  Baneling  
  44  3:52  Baneling  
  44  3:56  Overlord  
  44  3:58  Baneling  
  44  4:03  Overlord  
  44  4:15  Zergling x2  
  44  4:16  Zergling x8  
  45  4:22  Zergling x2  
  45  4:27  Zergling x4  
  44  4:32  Zergling x2  
  44  4:33  Zergling x8  
  47  4:41  Zergling x8  
  49  4:53  Zergling x8  
Show
View Real Time Build Order
Export as new Build Order

HellraiseR Protoss 

Build Orders: 1 Gate Expand, Oracle Opening, Phoenix Opening 

Get SALT Encoding   

  12  0:00  Probe  
  13  0:12  Probe  
  14  0:19  Pylon  
  14  0:24  Probe  
  15  0:33  Probe  
  15  0:39  Gateway  
  15  0:41  Probe  
  16  0:47  Assimilator  
  17  0:51  Probe  
  18  1:03  Probe  
  19  1:16  Probe  
  20  1:27  Cybernetics Core  
  20  1:34  Nexus  
  20  1:36  Probe  
  21  1:43  Pylon  
  21  1:50  Assimilator  
  21  1:52  Probe  
  21  1:53  Adept  
  22  2:04  Probe  
  25  2:16  Probe  
  26  2:22  Adept  
  26  2:29  Stargate  
  28  2:33  Probe  
  29  2:43  Probe  
  29  2:44  Warp Gate  
  29  2:45  Probe  
  31  2:52  Probe  
  31  2:54  Probe  
  31  2:57  Stalker  
  35  3:02  Probe x2  
  35  3:05  Phoenix  
  36  3:12  Probe  
  37  3:14  Probe  
  41  3:24  Probe  
  41  3:26  Probe  
  43  3:32  Pylon  
  43  3:36  Probe  
  43  3:37  Twilight Council  
  43  3:38  Probe  
  45  3:41  Gateway  
  45  3:45  Oracle  
  45  3:46  Gateway  
  45  3:48  Probe  
  46  3:50  Probe  
  47  4:00  Assimilator  
  47  4:01  Pylon  
  51  4:08  Cybernetics Core  
  50  4:16  Probe  
  46  4:18  Oracle  
  46  4:19  Probe  
  36  4:34  Zealot  
  36  4:35  Pylon  
  37  4:45  Zealot  
  36  4:51  Adept  
  34  5:01  Zealot  
Tags
 
Add a new tag
Caveats
  • Supply blocks, unpowered buildings, or Contaminate may cause inaccurate times.
  • Supply counts are checked every 10 seconds.